 Dungeon Sprint DCSS version 0.30.1-11-g7821555f0a (webtiles) character file.

Game seed: 8628798291559459830

1589 Groucho the Geomancer (level 8, 0/41 HPs)
             Began as a Deep Elf Earth Elementalist on Jan 5, 2024.
             Was a High Priest of Sif Muna.
             Shot with a bolt by a naga sharpshooter (20 damage)
             ... in the Dungeon (Sprint VII: "The Pits").
             The game lasted 00:09:33 (2695 turns).

Groucho the Geomancer (Deep Elf Earth Elementalist) Turns: 2695, Time: 00:09:33

Health: 0/41       AC:  6    Str:  5    XL:     8   Next: 61%
Magic:  5/24       EV: 12    Int: 26    God:    Sif Muna [*****.]
Gold:   0          SH:  0    Dex: 15    Spells: 15/28 levels left

rFire   . . .        h - +2 dagger
rCold   . . .        (no shield)
rNeg    . . .        a - +0 robe
rPois   .            (no helmet)
rElec   .            (no cloak)
rCorr   .            (no gloves)
SInv    .            r - +0 pair of boots
Will    .....        (no amulet)
Stlth   +++          m - +3 ring of protection
HPRegen 0.26/turn    n - +3 ring of intelligence
MPRegen 0.19/turn

%: no teleportation
@: no status effects
A: no striking features
a: Renounce Religion, Channel Magic, Forget Spell, Divine Exegesis


You were in the Dungeon.
You worshipped Sif Muna.
Sif Muna was extremely pleased with you.
You visited 1 branch

Inventory:

Hand Weapons
 h - a +2 dagger (weapon)
 i - a +2 falchion of venom
 p - a +2 rapier of electrocution
Armour
 a - a +0 robe (worn)
 q - a +5 ring mail
 r - a +0 pair of boots (worn)
Jewellery
 m - a +3 ring of protection (left hand)
 n - a +3 ring of intelligence (right hand)
Scrolls
 g - a scroll of blinking
 k - 5 scrolls of amnesia
 l - a scroll of butterflies
Potions
 b - 5 potions of magic
 c - 7 potions of curing
 d - 5 potions of heal wounds
 e - 3 potions of haste
 f - 2 potions of berserk rage
 j - 2 potions of invisibility
 o - 2 potions of brilliance


   Skills:
 - Level 5.0 Short Blades
 - Level 2.4 Dodging
 - Level 7.0 Stealth
 + Level 10.9 Spellcasting
 + Level 8.7 Conjurations
 + Level 5.9 Transmutations
 + Level 3.4 Fire Magic
 + Level 11.3 Earth Magic
 + Level 8.4 Invocations


You had 15 spell levels left.
You knew the following spells:

 Your Spells              Type           Power      Damage    Failure   Level
a - Sandblast             Erth           100%       2d20      1%          1
b - Stone Arrow           Conj/Erth      100%       3d13      1%          3
c - Petrify               Tmut/Erth      56%        N/A       1%          4
d - Fireball              Conj/Fire      22%        3d10      10%         5

Your spell library contained the following spells:

 Spells                   Type           Power      Damage    Failure   Level
 Foxfire                  Conj/Fire      100%       2x1d9     1%          1
 Passwall                 Tmut/Erth      46%        N/A       1%          2
 Wereblood                Tmut           45%        N/A       1%          2
 Hailstorm                Conj/Ice       36%        3d9       1%          3
 Mephitic Cloud           Conj/Pois/Air  29%        N/A       3%          3
 Poisonous Vapours        Pois/Air       28%        N/A       6%          2
 Alistair's Intoxication  Tmut/Pois      19%        N/A       34%         5
 Freezing Cloud           Conj/Ice/Air   14%        6-21      34%         5
 Starburst                Conj/Fire      22%        6d8       47%         6
 Eringya's Noxious Bog    Tmut/Pois      14%        N/A       88%         6
 Plasma Beam              Fire/Air       11%        2x1d24    97%         6


Dungeon Overview and Level Annotations

Branches:
Dungeon (1/1)

Altars:
Ashenzari
Cheibriados
Dithmenos
Elyvilon
Fedhas
Gozag
Hepliaklqana
Kikubaaqudgha
Makhleb
Nemelex Xobeh
Okawaru
Qazlal
Ru
Sif Muna
Trog
Uskayaw
Vehumet
Wu Jian
Xom
Yredelemnul
Zin
The Shining One
Jiyva
Lugonu


Message History

The bolt barely misses you.
The helpless naga sharpshooter fails to defend itself.
You skewer the naga sharpshooter like a kebab!!!
The naga sharpshooter is heavily wounded.
The helpless naga sharpshooter fails to defend itself.
You impale the naga sharpshooter!!
You punch the naga sharpshooter, but do no damage.
The naga sharpshooter is severely wounded.
The naga sharpshooter is no longer petrified.
A guardian mummy comes into view.
Unknown command.
Casting: Petrify (dangerous; 1% risk of failure)
Confirm with . or Enter, or press ? or * to list all spells.
Aiming: Stone Arrow (safe; 1% risk of failure)
Press: ? - help, Shift-Dir - straight line, f/p - naga sharpshooter
Aim: a naga sharpshooter, wielding a +0 arbalest (severely wounded, 78% to hit)
The stone arrow hits the naga sharpshooter!!
You kill the naga sharpshooter!
Sif Muna accepts your kill.
The naga sharpshooter shoots a bolt.
The bolt barely misses you.
Training target 5.0 for Short Blades reached!
Training target 7.0 for Stealth reached!
Your Short Blades skill increases to level 5!
Your Stealth skill increases to level 7!
Your Fire Magic skill gained 3 levels and is now at level 3!
Your Earth Magic skill increases to level 11!
Your Invocations skill increases to level 8!
Casting: Stone Arrow (safe; 1% risk of failure)
Confirm with . or Enter, or press ? or * to list all spells.
Aiming: Stone Arrow (safe; 1% risk of failure)
Press: ? - help, Shift-Dir - straight line, f - guardian mummy
Aim: a guardian mummy (81% to hit)
The stone arrow hits the naga sharpshooter!
The naga sharpshooter is lightly wounded.
The naga sharpshooter shoots a bolt.
The bolt hits you!
You feel your power leaking away.
Unknown command.
Unknown command.
The naga sharpshooter shoots a bolt.
The bolt hits you!!
You die...

________.# ________.#
______...###########++######
########'##................#
?(.').)'.##......#..#......#
########.##................+
.))...)..)'................+
#####'#####......#..#......#
#..#..#..##.....@.).M......#
#..'..#))#####'#####N'######
#..####))##.......##''#
#..#..#))##.......##..##
#.)#..#[[##.......##...##
##'#..#'###...<...###...#
#........##.......#
##.......
#........##.......# .N###+##
###########.......# .##


You could see a naga sharpshooter and a guardian mummy.

Vanquished Creatures
  A naga sharpshooter (D)
  A warg (D)
  An ice beast (D)
  An orc warrior (D)
  An ogre (D)
  A phantom (D)
  A kobold brigand (D)
  A scorpion (D)
  5 killer bees (D)
  A hound (D)
  2 orc priests (D)
  2 orc wizards (D)
  2 mummies (D)
  A gnoll (D)
  2 river rats (D)
  A white imp (D)
  7 orcs (D)
  A goblin (D)
  2 hobgoblins (D)
  7 jackals (D)
  A bat (D)
  A frilled lizard (D)
43 creatures vanquished.

Notes
Turn   | Place    | Note
-------+----------+-------------------------------------------
     0 | D        | Groucho the Deep Elf Earth Elementalist began the quest for
                  | the Orb.
     0 | D        | Reached XP level 1. HP: 10/10 MP: 6/6
    10 | D        | Reached skill level 1 in Conjurations
    36 | D        | Found a bloodstained altar of Trog.
    36 | D        | Found a shimmering blue altar of Sif Muna.
    36 | D        | Found a viscous altar of Jiyva.
    36 | D        | Found a hazy altar of Hepliaklqana.
    36 | D        | Found an opulent altar of Gozag.
    37 | D        | Found a glowing golden altar of the Shining One.
    37 | D        | Found a glowing silver altar of Zin.
    37 | D        | Found a basalt altar of Yredelemnul.
    37 | D        | Found a shimmering altar of Xom.
    37 | D        | Found an ornate altar of the Wu Jian Council.
    37 | D        | Found a sacrificial altar of Ru.
    37 | D        | Found a stormy altar of Qazlal.
    37 | D        | Found an iron altar of Okawaru.
    37 | D        | Found a sparkling altar of Nemelex Xobeh.
    37 | D        | Found a burning altar of Makhleb.
    37 | D        | Found a blossoming altar of Fedhas.
    37 | D        | Found a white marble altar of Elyvilon.
    37 | D        | Found a shadowy altar of Dithmenos.
    37 | D        | Found a snail-covered altar of Cheibriados.
    38 | D        | Found a radiant altar of Vehumet.
    38 | D        | Found a corrupted altar of Lugonu.
    39 | D        | Found an ancient bone altar of Kikubaaqudgha.
    39 | D        | Found a hide-covered altar of Uskayaw.
    39 | D        | Found a broken altar of Ashenzari.
    40 | D        | Became a worshipper of Sif Muna the Loreminder
    56 | D        | Reached skill level 4 in Earth Magic
    56 | D        | Reached * piety under Sif Muna
    58 | D        | Reached skill level 1 in Invocations
   201 | D        | Reached XP level 2. HP: 11/15 MP: 2/9
   202 | D        | Reached ** piety under Sif Muna
   203 | D        | Reached skill level 5 in Earth Magic
   355 | D        | Reached XP level 3. HP: 19/19 MP: 9/11
   359 | D        | Learned a level 3 spell: Stone Arrow
   386 | D        | Reached *** piety under Sif Muna
   478 | D        | Reached **** piety under Sif Muna
   527 | D        | Noticed an orc warrior
   545 | D        | Killed an orc warrior
   546 | D        | Reached skill level 7 in Earth Magic
   546 | D        | Reached XP level 4. HP: 15/24 MP: 2/14
   548 | D        | Reached skill level 5 in Conjurations
   548 | D        | Reached skill level 8 in Earth Magic
   548 | D        | Reached XP level 5. HP: 6/28 MP: 10/16
   551 | D        | Reached skill level 5 in Invocations
   557 | D        | Reached ***** piety under Sif Muna
   563 | D        | Received a gift from Sif Muna
   564 | D        | Reached skill level 9 in Earth Magic
   564 | D        | Got Sif Muna's Parchment of Bread {god gift}
   639 | D        | Reached XP level 6. HP: 32/32 MP: 8/19
   725 | D        | Reached skill level 1 in Short Blades
  1014 | D        | Reached skill level 10 in Earth Magic
  1471 | D        | Noticed a warg
  1471 | D        | Noticed an ice beast
  1494 | D        | Killed an ice beast
  1495 | D        | Reached XP level 7. HP: 23/36 MP: 4/21
  1793 | D        | Learned a level 4 spell: Petrify
  1802 | D        | Reached skill level 5 in Stealth
  1802 | D        | Received a gift from Sif Muna
  2464 | D        | Received a gift from Sif Muna
  2465 | D        | Reached skill level 10 in Spellcasting
  2472 | D        | Learned a level 5 spell: Fireball
  2666 | D        | Noticed a naga mage
  2666 | D        | Noticed a naga sharpshooter
  2667 | D        | Noticed a lindwurm
  2678 | D        | Reached skill level 5 in Transmutations
  2678 | D        | Reached XP level 8. HP: 32/41 MP: 16/24
  2689 | D        | Noticed a naga sharpshooter
  2692 | D        | Noticed a guardian mummy
  2693 | D        | Killed a naga sharpshooter
  2694 | D        | Reached skill level 5 in Short Blades
  2694 | D        | Reached skill level 11 in Earth Magic
  2695 | D        | Shot with a bolt by a naga sharpshooter

Illustrated notes

Levels and vault maps discovered:
D:        pitsprint [storerooms_1, entrance_room_1, metal_vault_5, armoury_3,
          mini_pit_1, grid_room_1, main_hall_1, silver_pit, the_coven_3,
          the_vestibule_1, steel_vault_2, golden_pit, hallway_of_sentries,
          crystal_vault_2, iron_vault_2, final_vault]

Skill      XL: |  1  2  3  4  5  6  7  8 |
---------------+-------------------------+-----
Conjurations   | 2 4 5 6 7 8 |  8.7
Earth Magic    | 4 5 7 8 9 10 11 | 11.3
Invocations    | 1 2 4 5 6 7 8 |  8.4
Spellcasting   | 4 6 8 9 10 | 10.9
Short Blades   | 2 4 5 |  5.0
Stealth        | 4 6 7 |  7.0
Transmutations | 3 5 |  5.9
Fire Magic     | 3 |  3.4
Dodging        | |  2.4

Action                     |  1- 3 |  4- 6 |  7- 9 || total
---------------------------+-------+-------+-------++-------
  Melee: Falchion          |    11 |       |       ||    11
         Dagger            |       |       |     6 ||     6
         Punch             |       |       |     1 ||     1
   Cast: Sandblast         |    23 |       |       ||    23
         Stone Arrow       |     2 |    26 |    20 ||    48
         Petrify           |       |       |     2 ||     2
 Invoke: Channel Magic     |       |     1 |       ||     1
    Use: Potion            |     3 |     1 |     3 ||     7
   Stab: Petrified         |       |       |     5 ||     5
 Armour: Robe              |     4 |     1 |       ||     5
  Dodge: Dodged            |    26 |     1 |     9 ||    36
